AoeStats
← Girthagoras

Arena

509189417Analyzed
1v1 RM · 7d ago on Sep 25, 2026· 84m 10s· 2 players
Game mode
Random Map
Map size
Tiny (2 player)
Population
200
Speed
Normal
Resources
Standard
Victory
Conquest
Starting age
Dark Age
Ending age
Imperial Age
RankedLock teamsTeams togetherTeam positionsShared explorationLock speedFull tech treeHidden civsTurbo modeCheats
Victory
Defeat
🇺🇸 Saxons · United States
920
+16
🇹🇷 Goths · Türkiye
914
-16
ılıJoKeRılı
10:31 Feudal Age
16:33 Castle Age
14:52 Double-Bit Axe
15:37 Horse Collar
17:45 Bow Saw
18:00 Heavy Plow
20:36 Wheelbarrow
20:26 Stone Mining
20:29 Gold Mining
24:31 Loom
24:54 Town Watch
25:14 Treadmill Crane
29:56 Imperial Age
27:42 Hand Cart
27:50 Hand Cart
28:58 Masonry
29:03 Town Patrol
29:03 Town Patrol
29:04 Town Patrol
29:15 Squires
28:36 Man-at-Arms
28:59 Pikeman
31:12 Ballistics
30:49 Murder Holes
30:56 Scale Mail Armor
30:48 Fletching
30:23 Long Swordsman
31:43 Conscription
30:58 Two-Handed Swordsman
32:53 Husbandry
32:14 Cavalier
33:05 Bloodlines
33:01 Bodkin Arrow
33:22 Chain Mail Armor
33:19 Forging
34:10 Stone Shaft Mining
33:50 Anarchy
34:24 Bracer
35:54 Two-Man Saw
35:36 Crop Rotation
35:44 Perfusion
36:31 Iron Casting
36:02 Scale Barding Armor
35:30 Halberdier
36:19 Champion
36:47 Elite Huskarl
36:53 Elite Skirmisher
38:41 Blast Furnace
38:26 Architecture
38:00 Crossbowman
38:13 Heavy Cavalry Archer
40:16 Chemistry
47:39 Chain Barding Armor
51:57 Heavy Scorpion
52:51 Light Cavalry
62:26 Hussar
72:17 Padded Archer Armor
Girthagoras
8:50 Loom
11:08 Feudal Age
12:35 Double-Bit Axe
12:33 Horse Collar
16:18 Castle Age
20:38 Bow Saw
22:21 Wheelbarrow
23:22 Heavy Plow
27:36 Forging
27:27 Scale Mail Armor
29:56 Iron Casting
29:36 Chain Mail Armor
29:14 Fletching
33:36 Imperial Age
32:22 Arson
32:37 Squires
32:25 Gambesons
33:46 Elite Hearth Troop
33:47 Shield Wall
35:02 Conscription
36:36 Plate Mail Armor
36:02 Bodkin Arrow
36:24 Fortified Wall
36:29 Masonry
36:12 Elite Varangian Guard
37:59 Hoardings
39:08 Bracer
45:29 Ballistics
51:14 Murder Holes
56:01 Onager
70:48 Chemistry
79:34 Capped Ram
Connection lost

Rejoining the realm…

Still unreachable

The connection could not be restored.

Session expired

The server has moved on; the page needs a fresh start.